 Dungeon Crawl Stone Soup version 0.19.1 (webtiles) character file.

67 Nakatomy the Magician (level 4, -16/24 HPs)
             Began as a Deep Elf Fire Elementalist on Dec 21, 2016.
             Killed from afar by an adder (29 damage)
             ... with an exploding inner flame
             ... hexed by the player character
             ... on level 2 of the Dungeon.
             The game lasted 00:07:24 (1289 turns).

Nakatomy the Magician (Deep Elf Fire Elementalist)  Turns: 1289, Time: 00:07:25

Health: -16/24     AC:  2    Str:  5    XL:     4   Next: 0%
Magic:  0/12       EV: 13    Int: 21    God:
Gold:   45         SH:  0    Dex: 15    Spells: 4 memorised, 2 levels left

rFire  . . .     SeeInvis .     (no weapon)
rCold  . . .     Gourm    .     a - +0 robe
rNeg   . . .     Faith    .     (no shield)
rPois  .         Spirit   .     (no helmet)
rElec  .         Reflect  .     (no cloak)
rCorr  .         Harm     .     (no gloves)
MR     .....                    (no boots)
Stlth  ++........               (no amulet)
                                (no ring)
                                (no ring)

@: lethally poisoned (-16 -> -19)
A: no striking features
a: no special abilities


You were on level 2 of the Dungeon.
You were not hungry.

You visited 1 branch of the dungeon, and saw 2 of its levels.

You collected 45 gold pieces.

Inventory:

Armour
 a - a +0 robe (worn)
Scrolls
 g - 3 scrolls of identify {unknown}
 h - 3 scrolls of remove curse {unknown}
Potions
 e - a potion of agility {unknown}
 i - a potion of might
 j - a potion of cure mutation {unknown}
 k - a potion of heal wounds {unknown}
Books
 b - a book of Flames

   Spells                             Type                      Level
   a - Flame Tongue                   Conjuration/Fire             1
   b - Throw Flame                    Conjuration/Fire             2
   c - Conjure Flame                  Conjuration/Fire             3
   d - Inner Flame                    Hexes/Fire                   3
   e - Sticky Flame                   Conjuration/Fire             4
   f - Fireball                       Conjuration/Fire             5
Comestibles
 c - 2 bread rations
 d - 3 chunks of flesh
 f - 2 meat rations


   Skills:
 - Level 2.4 Dodging
 - Level 2.4 Stealth
 + Level 4.2 Spellcasting
 + Level 2.1 Conjurations
 + Level 4.2 Fire Magic


You had 2 spell levels left.
You knew the following spells:

 Your Spells              Type           Power        Failure   Level  Hunger
a - Flame Tongue          Conj/Fire      ###..        3%          1    None
b - Throw Flame           Conj/Fire      ###...       6%          2    #......
c - Inner Flame           Hex/Fire       ##......     17%         3    ###....
d - Conjure Flame         Conj/Fire      ###.....     12%         3    ###....


Dungeon Overview and Level Annotations

Branches:
Dungeon (2/15)

Altars:


Message History

Aiming: Flame Tongue
Press: ? - help, Shift-Dir - straight line, f/p - adder
Aim: an adder (heavily wounded, inner flame)
The flame tongue misses the adder.
The adder bites you but does no damage. The adder bites you.
You are poisoned.
The adder poisons you!
You feel sick. The adder bites you but does no damage.
You feel sick.
Casting: Flame Tongue
Confirm with . or Enter, or press ? or * to list all spells.
Aiming: Flame Tongue
Press: ? - help, Shift-Dir - straight line, f/p - adder
Aim: an adder (heavily wounded, inner flame)
The flame tongue hits the adder.
The adder explodes!
The fiery explosion engulfs you!
Ouch! That really hurt!
You die...

#..#..............###.#
.#...................##.#
.....#.................##.#
...#.#.................>#.#
........................#.#
......................##..#
..................>...#†<##
..........)######.###...####
.............§.@....÷..........
...........#######.##.#########
...........# #.##.#
...........# #....#
.....†....## #..### .........##
#..# .....##### ##.# ..... ##
....#


There were no monsters in sight!

Vanquished Creatures
  Terence (D:1)
  An adder (D:2)
  2 dart slugs
  A leopard gecko (D:1)
  2 ball pythons (D:2)
  A giant cockroach (D:2)
  4 goblins (D:1)
  4 hobgoblins
  2 bats (D:1)
  3 frilled lizards (D:1)
  5 kobolds
  3 rats (D:1)
29 creatures vanquished.

Notes
Turn   | Place    | Note
-------+----------+-------------------------------------------
     0 | D:1      | Nakatomy the Deep Elf Fire Elementalist began the quest for the Orb.
     0 | D:1      | Reached XP level 1. HP: 10/10 MP: 6/6
   279 | D:1      | Reached XP level 2. HP: 15/15 MP: 6/8
   283 | D:1      | Learned a level 2 spell: Throw Flame
   806 | D:2      | Reached XP level 3. HP: 19/19 MP: 6/10
   906 | D:2      | Noticed Terence
   926 | D:1      | Killed Terence
  1002 | D:1      | Learned a level 3 spell: Inner Flame
  1006 | D:1      | Learned a level 3 spell: Conjure Flame
  1194 | D:2      | Reached XP level 4. HP: 18/24 MP: 2/12
  1289 | D:2      | Killed from afar by an adder

Skill      XL: |  1  2  3 |
---------------+----------+-----
Spellcasting   | 4 |  4.2
Conjurations   | 2 |  2.1
Fire Magic     | 4 |  4.2
Dodging        | |  2.4
Stealth        | |  2.4

Action                   |  1- 3 |  4- 6 || total
-------------------------+-------+-------++-------
 Cast: Flame Tongue      |    29 |     7 ||    36
       Throw Flame       |    16 |     2 ||    18
       Inner Flame       |     2 |     1 ||     3
  Eat: Chunk             |     1 |     1 ||     2
Armor: Robe              |     5 |     2 ||     7
Dodge: Dodged            |     8 |     4 ||    12
